 Dungeon Crawl Stone Soup version 0.30-a0-691-g754fce4c43 (webtiles) character file.

Game seed: 14516904177159774654

296 Absynth the Covered (level 6, -1/56 HPs)
             Began as a Minotaur Fighter on Jan 19, 2023.
             Frozen to death by an endoplasm (3 damage)
             ... in a sewer.
             The game lasted 00:04:41 (1666 turns).

Absynth the Covered (Minotaur Fighter)              Turns: 1666, Time: 00:04:41

Health: -1/56      AC:  8    Str: 23    XL:     6   Next: 12%
Magic:  5/5        EV:  9    Int:  5    God:
Gold:   121        SH:  4    Dex:  9    Spells: 5/5 levels left

rFire   . . .      SeeInvis .    s - +0 mace (heavy)
rCold   . . .      Faith    .    c - +0 buckler
rNeg    . . .      Spirit   .    b - +0 scale mail
rPois   .          Reflect  .    (helmet restricted)
rElec   .          Harm     .    o - +0 cloak
rCorr   .          Rampage  .    (no gloves)
Will    .....                    (no boots) Stlth
                                 (no amulet)
HPRegen 0.29/turn                (no ring)
MPRegen 0.09/turn                (no ring)

@: hasted, quick
A: horns 2, retaliatory headbutt
a: no special abilities


You were in a sewer.
You visited 1 branch of the dungeon, and saw 3 of its levels.
You also visited: Sewer.

You collected 121 gold pieces.

Inventory:

Hand Weapons
 a - a +0 flail
 s - a +0 heavy mace (weapon)
Missiles
 j - 5 boomerangs (quivered)
Armour
 b - a +0 scale mail (worn)
 c - a +0 buckler (worn)
 o - a +0 cloak (worn)
Jewellery
 e - a ring of fire
Scrolls
 i - 4 scrolls of identify {unknown}
 k - a scroll of enchant armour {unknown}
 l - 2 scrolls of fog {unknown}
 m - 2 scrolls of vulnerability {unknown}
 n - a scroll of noise {unknown}
 r - a scroll of brand weapon {unknown}
 t - a scroll of teleportation {unknown}
Potions
 d - 3 potions of might
 f - a potion of curing {unknown}
 g - 2 potions of attraction {unknown}
 h - 2 potions of magic {unknown}
 p - 2 potions of haste
 q - 2 potions of heal wounds {unknown}


   Skills:
 + Level 5.1 Fighting
 * Level 4.6 Maces & Flails
 + Level 5.1 Armour
 + Level 5.0 Shields


You had 5 spell levels left.
You didn't know any spells.
Your spell library was empty.

Dungeon Overview and Level Annotations

Branches:
Dungeon (3/15)              Sewer (1/1)

Altars:
Xom


Innate Abilities, Weirdness & Mutations

You have a pair of horns on your head.
You reflexively headbutt those who attack you in melee.


Message History

Your headbutt misses the kobold brigand.
The kobold brigand is heavily wounded.
The kobold brigand hits you with a +0 club.
The endoplasm freezes you.
You are frozen.
The kobold brigand splashes around in the water.
The endoplasm hits you but does no damage.
The kobold brigand hits you with a +0 club.
* * * LOW HITPOINT WARNING * * *
Your unstable footing causes you to fumble your attack.
You block the endoplasm's attack.
The kobold brigand completely misses you.
The endoplasm hits you.
* * * LOW HITPOINT WARNING * * *
The kobold brigand hits you with a +0 club.
* * * LOW HITPOINT WARNING * * *
The endoplasm freezes you.
You are frozen.
* * * LOW HITPOINT WARNING * * *
The kobold brigand barely misses you.
You hit the kobold brigand but do no damage.
The kobold brigand is heavily wounded.
You feel yourself speed up. You block the endoplasm's attack.
The kobold brigand splashes around in the water.
The endoplasm freezes you.
You are frozen.
* * * LOW HITPOINT WARNING * * *
The kobold brigand splashes around in the water.
The endoplasm splashes around in the water.
It was a potion of haste.
You feel yourself speed up.
The kobold brigand hits you but does no damage.
The endoplasm closely misses you. You furiously retaliate!
You headbutt the endoplasm.
Your unstable footing causes you to fumble your attack.
The kobold brigand hits you with a +0 club.
* * * LOW HITPOINT WARNING * * *
The endoplasm freezes you.
You are frozen.
You die...

##.~.#
#.~~#
#~~.#
##~~~##
#.~~~~#
#.###.#
#)# #~#
##.###~##
#~~~#~J@#
#~#~#~#K#
#~#~#~#~#
#~#~#~#~#
#.#.#.#.#
#########


You could see a kobold brigand and an endoplasm.

Vanquished Creatures
  3 kobold brigands (Sewer)
  2 adders
  3 worms
  A dart slug (D:2)
  6 ball pythons
  10 endoplasms
  6 goblins
  3 hobgoblins (D:1)
  8 kobolds
  3 quokkas (D:1)
  3 bats
  A frilled lizard (D:1)
  6 rats
55 creatures vanquished.

Notes
Turn   | Place    | Note
-------+----------+-------------------------------------------
     0 | D:1      | Absynth the Minotaur Fighter began the quest for the Orb.
     0 | D:1      | Reached XP level 1. HP: 19/19 MP: 0/0
   225 | D:1      | Reached XP level 2. HP: 27/27 MP: 1/1
   516 | D:1      | Reached XP level 3. HP: 31/33 MP: 2/2
   815 | D:2      | Found a shimmering altar of Xom.
  1148 | D:3      | Found a glowing drain.
  1167 | Sewer    | Entered a sewer
  1182 | Sewer    | Noticed a kobold brigand
  1199 | Sewer    | Killed a kobold brigand
  1200 | Sewer    | Reached XP level 4. HP: 40/41 MP: 3/3
  1297 | Sewer    | Reached XP level 5. HP: 47/47 MP: 4/4
  1498 | Sewer    | Reached skill level 5 in Fighting
  1506 | Sewer    | Reached skill level 5 in Armour
  1506 | Sewer    | Reached skill level 5 in Shields
  1506 | Sewer    | Reached XP level 6. HP: 34/56 MP: 5/5
  1666 | Sewer    | HP: 2/56 [kobold brigand/+0 club (4)]
  1666 | Sewer    | Frozen to death by an endoplasm

Illustrated notes

Levels and vault maps discovered:
D:1:      dpeg_arrival_circle_labyrinth_a, layout_rooms, roderic_roman_lattice,
          minmay_cut_off
D:2:      layout_rooms, basic_altar
D:3:      layout_rooms, nicolae_overflow_quartered_altars,
          cheibrodos_sewer_entry_sluice, hellmonk_ecumenical_altar_dog_temple
Sewer:    sewer_co_tree

Skill      XL: |  1  2  3  4  5 |
---------------+----------------+-----
Armour         | 4 5 |  5.1
Fighting       | 4 5 |  5.1
Shields        | 4 5 |  5.0
Maces & Flails | 3 4 |  4.6

Action                   |  1- 3 |  4- 6 || total
-------------------------+-------+-------++-------
Melee: Flail             |    58 |       ||    58
       Headbutt          |     7 |     5 ||    12
       Mace              |    17 |    43 ||    60
  Use: Potion            |       |     1 ||     1
Armor: Scale mail        |    43 |    22 ||    65
Dodge: Dodged            |    48 |    19 ||    67
Block: Buckler           |    17 |    16 ||    33

Table legend: (Time is in decaauts)
 A = Elapsed time spent in this place.
 B = Non-inter-level travel time spent in this place.
 C = Inter-level travel time spent in this place.
 D = Time resting spent in this place.
 E = Time spent auto-exploring this place.
 F = Levels seen in this place.
 G = Mean time per level.
                   A        B        C        D        E       F      G
               +--------+--------+--------+--------+--------+-----+--------+
         Total |   1869 |   1815 |     54 |      0 |   1288 |   4 |  467.2 |
       Dungeon |   1191 |   1137 |     54 |      0 |    888 |   3 |  397.0 |
         Sewer |    677 |    677 |      0 |      0 |    400 |   1 |  677.0 |
               +--------+--------+--------+--------+--------+-----+--------+

Top non-repeatable levels by time:
     D:1: 728 daAuts
   Sewer: 677 daAuts
     D:2: 410 daAuts
     D:3: 52 daAuts
